Unix NetHack Version 5.0.0-0 post-release - last build May 10 2026 23:12:36 (d1fa5d53e341ca933230fdaa984d921c805b60aa,branch:main).

Game began 2026-05-13 20:23:19, ended 2026-05-13 20:52:18.

Drastanta, neutral female gnomish Wizard

                                    ------
                 ---------------    |.....#      --------
              ###.........o..oo.#   |....|#      |......|
            ###  |.(.*..o..o.oo|o   |...r|#      |*....^.#
            #    ---------------o  #.....|#      |......|#
            #                   o  #------#      |......|#
   ---------#                   #  #      #      |......|f
   |.......|#                   e  #    # #      ---.----@
   |...).[<-#                   #  #    ###         #    i
   |.......|                    #  #    ##     ######    #
   ---------                  ###  ##    #    ##         #
                              #-----#   -|----.-------         :
                              r|...|#   .............|       i n
                              #|....#   |............|         ii  i    l
                              #....|    |............|
                               |...|    --------------
                               -----

Drastanta the Conjurer    St:9 Dx:15 Co:14 In:19 Wi:11 Ch:9  Neutral
Dlvl:6  $:95 HP:0(27) Pw:33(46) AC:5  Xp:5 T:2729  Burdened Blind

Latest messages:
 You stop.  The acid blob is in the way!
 You swap places with the peaceful acid blob.
 A cloud of gas puts you to sleep!
 You wake up.
 You find a hidden passage.
 You already found a monster.  Use 'm' prefix to force another search.
 You hit the yellow light!
 The yellow light explodes!
 You are blinded by a blast of light!
 What do you want to throw? [$ or ?*] *
 In what direction? 4
 The tripe ration misses.
 Wait!  There's something there you can't see!
 It misses!
 It bites!
 Your pair of jungle boots rusts!
 A water nymph suddenly appears!
 A sewer rat suddenly appears!
 In what direction? 2
 The spell misses the manes.
 It bites!
 Your cloak of magic resistance is not affected by oxidation.
 In what direction? 2
 The spell hits the manes!
 You destroy the manes!
 You hit it.
 You hit it.
 You hit it.
 You kill it!
 You fail to cast the spell correctly.
 You miss the manes.
 The manes hits!
 The manes hits again!
 The manes bites!
 You fail to cast the spell correctly.
 The housecat misses!
 The housecat bites!
 You hit the manes.
 The housecat bites!
 The manes hits!
 The manes just misses!
 The manes bites!
 The housecat bites!
 The manes hits!
 You die...
 Do you want your possessions identified? [ynq] (y) n
 Do you want to see your attributes? [ynq] (y) y
 Do you want an account of creatures vanquished? [ynaq] (y) y
 Do you want to see your conduct and achievements? [ynq] (y) y
 Do you want to see the dungeon overview? [ynq] (y) y

Inventory:
 Coins    ('$')
  $ - 95 gold pieces
 Weapons  (')')
  a - a blessed +1 quarterstaff (weapon in hands)
 Armor    ('[')
  v - an uncursed rusty +0 pair of kicking boots (being worn)
  b - an uncursed burnt +0 cloak of magic resistance (being worn)
  D - an uncursed +0 elven mithril-coat (being worn)
 Scrolls  ('?')
  o - an uncursed scroll of amnesia
  z - an uncursed scroll of confuse monster
  K - a cursed scroll of enchant armor
  i - 2 uncursed scrolls of enchant weapon
  C - a cursed scroll of enchant weapon
  j - an uncursed scroll of identify
  p - 2 uncursed scrolls of light
  J - a cursed scroll of light
  N - an uncursed scroll of punishment
  O - a blessed scroll of remove curse
  s - a cursed scroll of teleportation
 Spellbooks  ('+')
  P - an uncursed spellbook of create monster
  q - an uncursed spellbook of detect unseen
  Q - an uncursed spellbook of extra healing
 Potions  ('!')
  f - an uncursed potion of blindness
  r - an uncursed potion of confusion
  E - an uncursed potion of enlightenment
  h - an uncursed potion of gain energy
  u - a blessed potion of healing
  w - an uncursed potion of healing
  G - an uncursed potion of invisibility
  g - an uncursed potion of object detection
  I - an uncursed potion of see invisible
 Rings    ('=')
  d - an uncursed +1 ring of increase accuracy (on right hand)
  e - an uncursed ring of warning (on left hand)
 Wands    ('/')
  H - a wand of digging (0:7)
  y - a wand of magic missile (0:3)
  B - a wand of opening (0:7)
  c - a wand of teleportation (0:8)
 Tools    ('(')
  n - a magic marker (0:19)

Drastanta the Wizard's attributes:

Background:
 You were a Conjurer, a level 5 female gnomish Wizard.
 You were neutral, on a mission for Thoth
 who was opposed by Ptah (lawful) and Anhur (chaotic).
 You were right-handed.
 You were in the Dungeons of Doom, on level 6.
 You entered the dungeon 2729 turns ago.
 You had 232 experience points, 88 more were needed to attain level 6.

Basics:
 You had 0 out of 27 hit points.
 You had 33 out of 46 energy points (spell power).
 Your armor class was 5.
 Your wallet contained 95 zorkmids.
 Autopickup was off.

Final Characteristics:
 Your strength was 9 (limit:18/50).
 Your dexterity was 15 (limit:18).
 Your constitution was 14 (limit:18).
 Your intelligence was 19 (limit:19).
 Your wisdom was 11 (limit:18).
 Your charisma was 9 (limit:18).

Final Status:
 You were temporarily blind.
 You weren't hungry.
 You were burdened; movement was slightly slowed.
 You were wielding a quarterstaff.
 You had basic skill with quarterstaff.

Final Attributes:
 You were piously aligned.
 You were magic-protected.
 You were telepathic.
 You were warned.
 You had infravision.
 You had a small bonus to hit (+1).
 You were guarded.
 Your spell casting was impaired by metallic armor.
 You are dead.

Miscellaneous:
 You didn't encounter any bones levels.
 Total elapsed playing time was 28 minutes and 58 seconds.

Major events:
 Turn
    1: Drastanta the neutral female gnomish Wizard entered the dungeon
  478: attained the rank of Conjurer (level 3)
  860: entered the Gnomish Mines
 2729: killed by a manes

Spells:
 Name                 Level Category     Fail Retention
 force bolt             1   attack        30%   81%-90%
 healing                1   healing       30%  76%-100%

Skills:
 Fighting Skills
   bare handed combat [Unskilled]
   riding             [Unskilled]
 Weapon Skills
   dagger             [Unskilled]
   knife              [Unskilled]
   axe                [Unskilled]
   short sword        [Unskilled]
   club               [Unskilled]
   mace               [Unskilled]
   quarterstaff       [Basic]
   polearms           [Unskilled]
   spear              [Unskilled]
   trident            [Unskilled]
   sling              [Unskilled]
   dart               [Unskilled]
   shuriken           [Unskilled]
 Spellcasting Skills
   attack spells      [Basic]
   healing spells     [Unskilled]
   divination spells  [Unskilled]
   enchantment spells [Basic]
   clerical spells    [Unskilled]
   escape spells      [Unskilled]
   matter spells      [Unskilled]

Voluntary challenges:
 Character rerolling was not enabled.
 You never genocided any monsters.
 You never polymorphed an object.
 You never changed form.
 You used no wishes.
Achievements:
 You attained the rank of Conjurer.
 You entered the Gnomish Mines.

 The Dungeons of Doom: levels 1 to 6
    Level 1:
    Level 2:
    Level 3:
       Some fountains.
       Stairs down to The Gnomish Mines.
    Level 4:
       Some fountains, a sink.
    Level 5:
    Level 6: <- You were here.
       Final resting place for
          you, killed by a manes.
 The Gnomish Mines:
    Level 4:


Vanquished creatures:
  a gnome mummy
  a yellow light
  a violet fungus
  a gray ooze
  a little dog
  2 floating eyes
  2 kittens
  a homunculus
  a kobold leader
  2 hill orcs
  a giant bat
  2 orc zombies
  2 dwarf zombies
 an iguana
 an acid blob
  a coyote
  a gas spore
  2 hobbits
  a manes
  a large kobold
  2 geckos
  5 jackals
  3 foxes
  2 kobolds
  4 sewer rats
  3 grid bugs
  3 lichens
  4 newts
52 creatures vanquished.

No species were genocided or became extinct.

Game over:
                       ----------
                      /          \
                     /    REST    \
                    /      IN      \
                   /     PEACE      \
                  /                  \
                  |    Drastanta     |
                  |      95 Au       |
                  |   killed by a    |
                  |      manes       |
                  |                  |
                  |                  |
                  |       2026       |
                 *|     *  *  *      | *
        _________)/\\_//(\/(/\)/\//\/|_)_______

Goodbye Drastanta the Wizard...

You died in The Dungeons of Doom on dungeon level 6 with 1274 points,
and 95 pieces of gold, after 2729 moves.
You were level 5 with a maximum of 27 hit points when you died.

